 Dungeon Crawl Stone Soup version 0.21.1-1-g345015f (webtiles) character file.

241 Mesmaeker13 the Firebug (level 6, -1/32 HPs)
             Began as a Gargoyle Fire Elementalist on May 30, 2018.
             Slain by Sigmund
             ... wielding a +4 vampiric scythe
              (9 damage)
             ... on level 3 of the Dungeon.
             The game lasted 00:06:39 (2895 turns).

Mesmaeker13 the Firebug (GrFE)                      Turns: 2895, Time: 00:06:40

Health: -1/32      AC:  9    Str: 11    XL:     6   Next: 8%
Magic:  5/9        EV: 13    Int: 18    God:
Gold:   197        SH:  0    Dex: 10    Spells: 6/9 levels left

rFire    + . .     SeeInvis .   h - +0 mace
rCold    . . .     Gourm    .   (no shield)
rNeg     + . .     Faith    .   a - +0 robe
rPois    ∞         Spirit   .   k - +1 helmet
rElec    +         Reflect  .   (no cloak)
rCorr    .         Harm     .   e - +0 pair of gloves
MR       .....                  (no boots)
Stlth    ++........             (no amulet)
HPRegen  0.10/turn              f - ring of protection from fire
MPRegen  0.11/turn              s - ring of flight

@: no status effects
A: negative energy resistance 1, electricity resistance, unbreathing,
petrification resistance, rot immunity, AC +4
a: Evoke Flight


You were on level 3 of the Dungeon.
You were hungry.

You visited 1 branch of the dungeon, and saw 4 of its levels.

You collected 197 gold pieces.

Inventory:

Hand Weapons
 h - a +0 mace (weapon)
Missiles
 g - 3 needles of frenzy
 j - 24 poisoned needles
 r - 7 javelins (quivered)
Armour
 a - a +0 robe (worn)
 e - a +0 pair of gloves (worn)
 k - a +1 helmet (worn)
Jewellery
 f - a ring of protection from fire (left hand)
 s - a ring of flight (right hand)
Scrolls
 i - 3 scrolls of teleportation
 l - a scroll of remove curse
 t - a scroll of magic mapping {unknown}
Potions
 d - a potion of haste {unknown}
 m - 2 potions of curing
 o - a potion of lignification {unknown}
 p - a potion of flight
 q - a potion of agility {unknown}
Books
 b - a book of Flames

   Spells                             Type                      Level
   a - Flame Tongue                   Conjuration/Fire             1
   b - Throw Flame                    Conjuration/Fire             2
   c - Conjure Flame                  Conjuration/Fire             3
   d - Inner Flame                    Hexes/Fire                   3
   e - Sticky Flame                   Conjuration/Fire             4
   f - Fireball                       Conjuration/Fire             5
Comestibles
 c - 6 rations


   Skills:
 + Level 3.2 Dodging
 - Level 2.1 Stealth
 - Level 2.0 Spellcasting
 + Level 3.6 Conjurations
 + Level 4.5 Fire Magic


You had 6 spell levels left.
You knew the following spells:

 Your Spells              Type           Power        Failure   Level  Hunger
a - Flame Tongue          Conj/Fire      ###..        3%          1    #......
b - Throw Flame           Conj/Fire      ###...       4%          2    ###....


Dungeon Overview and Level Annotations

Branches:
Dungeon (4/15)
 Temple: D:4-7

Altars:
Okawaru
Sif Muna
Yredelemnul

Annotations:
D:3 Sigmund
D:4 Blork the orc


Innate Abilities, Weirdness & Mutations

You are resistant to torment.
Your stone body is resilient. (AC +4)
You are immune to poison.
You resist negative energy. (rN+)
You are resistant to electric shocks. (rElec)
You can survive without breathing.
You are immune to petrification.
You are immune to rotting.


Message History

Sigmund is lightly wounded.
Sigmund hits you from afar with a vampiric scythe!
Casting: Flame Tongue
Confirm with . or Enter, or press ? or * to list all spells.
Aiming: Flame Tongue
Press: ? - help, Shift-Dir - straight line, f/p - Sigmund
Aim: Sigmund, wielding a vampiric scythe and wearing a robe (lightly wounded)
The flame tongue hits Sigmund.
Sigmund appears unharmed.
Sigmund is lightly wounded.
Sigmund hits you from afar with a vampiric scythe.
* * * LOW HITPOINT WARNING * * *
Casting: Flame Tongue
Confirm with . or Enter, or press ? or * to list all spells.
Aiming: Flame Tongue
Press: ? - help, Shift-Dir - straight line, f/p - Sigmund
Aim: Sigmund, wielding a vampiric scythe and wearing a robe (lightly wounded)
The flame tongue hits Sigmund.
Sigmund is heavily wounded.
Sigmund hits you from afar with a vampiric scythe!
You die...

...................##.).......'[#
#####.##...............####...###
#.##<####.####.##.## #...#
#.#######.# #..#.# #...#
#....._...#####.#.#######.###
###########............[..(..
#.###.#.#######..#(
#.###w#.#..).....#.
#.@.@.....########.
#################..####.......
#............# #..# #.######
#.##########.# #.@# #.# #.# #)#
#..# #.# #.# #.####..# #.# #.#
#......># #.# #.###### #########
#.# #.#....# #.# ###


You could see Sigmund and a worm.

Vanquished Creatures
  A phantom (D:2)
  2 orc priests (D:3)
  A shadow imp (D:2)
  An ooze (D:1)
  2 worms
  2 leopard geckos
  6 orcs
  5 giant cockroaches
  7 goblins
  7 hobgoblins
  4 jackals (D:3)
  A quokka (D:3)
  A ball python (D:1)
  8 bats
  2 frilled lizards
  7 kobolds
  6 rats
63 creatures vanquished.

Notes
Turn   | Place    | Note
-------+----------+-------------------------------------------
     0 | D:1      | Mesmaeker13 the Gargoyle Fire Elementalist began the quest for the Orb.
     0 | D:1      | Reached XP level 1. HP: 10/10 MP: 3/3
   153 | D:1      | Reached XP level 2. HP: 15/15 MP: 0/5
   854 | D:2      | Reached XP level 3. HP: 19/19 MP: 1/6
   863 | D:2      | Learned a level 2 spell: Throw Flame
  1220 | D:2      | Noticed a phantom
  1394 | D:2      | Reached XP level 4. HP: 20/24 MP: 2/7
  1444 | D:2      | Found an iron altar of Okawaru.
  1610 | D:2      | Killed a phantom
  1610 | D:2      | Reached skill level 4 in Fire Magic
  1610 | D:2      | Reached XP level 5. HP: 13/28 MP: 0/8
  2332 | D:3      | Reached XP level 6. HP: 32/32 MP: 4/9
  2354 | D:3      | Found a deep blue altar of Sif Muna.
  2397 | D:3      | Found a basalt altar of Yredelemnul.
  2677 | D:4      | Noticed Sigmund
  2717 | D:4      | Noticed Blork the orc
  2895 | D:3      | Slain by Sigmund

Skill      XL: |  1  2  3  4  5 |
---------------+----------------+-----
Dodging        | 2 3 |  3.2
Conjurations   | 2 3 |  3.6
Fire Magic     | 4 |  4.5
Stealth        | |  2.1
Spellcasting   | |  2.0

Action                   |  1- 3 |  4- 6 || total
-------------------------+-------+-------++-------
Melee: Mace              |    30 |    38 ||    68
 Cast: Flame Tongue      |    51 |    50 ||   101
       Throw Flame       |       |     2 ||     2
  Use: Scroll            |     1 |     3 ||     4
 Stab: Sleeping          |       |     1 ||     1
  Eat: Chunk             |     2 |     5 ||     7
Armor: Robe              |    36 |    22 ||    58
Dodge: Dodged            |    47 |    47 ||    94
